Dynamic Boxscore Link
Saint Paul
Razorbacks
17-15
6
FINAL
4
Memphis
Blues
24-18
Summary
Boxscore
Lineups
Recap

1st Period

1-0 RAZScore
3:13Time
5v5Type
2-0 RAZScore
5:14Time
5v5Type
2-1 RAZScore
13:44Time
5v5Type
3-1 RAZScore
13:48Time
5v5Type
3-2 RAZScore
18:32Time
5v5Type

2nd Period

4-2 RAZScore
19:05Time
5v5Type

3rd Period

4-3 RAZScore
2:05Time
5v5Type
5-3 RAZScore
3:27Time
5v5Type
6-3 RAZScore
15:05Time
5v5Type
6-4 RAZScore
18:35Time
5v5Type

Penalties

1st Period
Stig Lunde (BLU) for High sticking (Minor) at 14:07
2nd Period
Stig Lunde (BLU) for Tripping (Minor) at 10:49
RAZ
BLU

Saint Paul Razorbacks

# Player Pos G A PTS +/- S PIM TOI SB Hits GA TA
22 Abel Skipper RW 1 3 4 3 4 0 14:20 1 0 0 1
89 Marcello Kay LW 3 0 3 3 5 0 14:20 2 0 0 0
0 Rene Pietila D 0 2 2 1 2 0 19:23 1 3 0 1
2 Adrien Flood D 0 1 1 3 1 0 13:08 1 1 0 0
21 Leighton Tendler C 1 0 1 1 1 0 07:58 0 2 0 0
19 Joe Sjoblom C 0 1 1 1 1 0 19:19 0 0 1 0
0 Bogdan Laptev LW 1 0 1 1 3 0 18:43 0 0 1 0
0 Eddi Scholler RW 0 1 1 -3 5 0 18:59 1 4 0 0
0 Juho-Heikki Pitkanen C 0 1 1 3 0 0 16:04 0 2 1 0
9 Wil Garland RW 0 0 0 1 5 0 18:43 0 1 0 0
89 Thomas Gillman C 0 0 0 -3 0 0 16:39 0 0 1 0
74 Yuvenaly Panchishny LW 0 0 0 1 1 0 07:58 1 2 0 0
3 Randal Plaitis D 0 0 0 2 3 0 24:34 1 7 0 1
0 Ramazan Buranbayev D 0 0 0 3 0 0 15:14 1 0 0 0
8 Sergey Voyevodin D 0 0 0 -3 0 0 20:07 1 2 0 1
97 Wes Pushka LW 0 0 0 -3 3 0 18:59 1 1 0 0
41 Winston Derksen D 0 0 0 -2 4 0 25:38 1 2 1 1
99 Ignac Tochacek C 0 0 0 1 1 0 09:54 0 0 0 0
# Goalie GA SA SV SV% TOI
1 Barron Dowler 0 0 0 0.000 0:00
33 Aldon Bartol 4 36 32 0.889 60:00
RAZ
BLU

Razorbacks

Razorbacks

5 vs 5 Forward
Line #Left WingCenterRight WingPHYDFOFWanted %Time %Time Play
1Bogdan LaptevJoe SjoblomWil Garland1223430%17:05
2Wes PushkaThomas GillmanEddi Scholler1223330%16:39
3Marcello KayJuho-Heikki PitkanenAbel Skipper1222826%14:20
4Yuvenaly PanchishnyLeighton TendlerIgnac Tochacek131514%7:58
5 vs 5 Defense
Line #DefenseDefensePHYDFOFWanted %Time %Time Play
1Randal PlaitisRene Pietila1223535%19:28
2Winston DerksenSergey Voyevodin1223535%19:21
3Ramazan BuranbayevAdrien Flood1222023%13:03
4Randal PlaitisWinston Derksen122107%4:10
Power Play Forward
Line #Left WingCenterRight WingPHYDFOFWanted %Time %Time Play
1Wes PushkaJoe SjoblomEddi Scholler0055056%2:14
2Bogdan LaptevJuho-Heikki PitkanenWil Garland0055044%1:44
Power Play Defense
Line #DefenseDefensePHYDFOFWanted %Time %Time Play
1Ramazan BuranbayevWinston Derksen0056053%2:06
2Randal PlaitisIgnac Tochacek0054047%1:52
Penalty Kill 4 Players Forward
Line #CenterWingPHYDFOFWanted %Time %Time Play
1Leighton TendlerBogdan Laptev131500%0:00
2Wes PushkaAbel Skipper131500%0:00
Penalty Kill 4 Players Defense
Line #DefenseDefensePHYDFOFWanted %Time %Time Play
1Sergey VoyevodinRene Pietila122500%0:00
2Randal PlaitisAdrien Flood122500%0:00
Penalty Kill 3 Players
Line #WingPHYDFOFWanted %Time %Time PlayDefenseDefensePHYDFOFWanted %Time %Time Play
1Leighton Tendler122500%0:00 Sergey VoyevodinRene Pietila122500%0:00
2Abel Skipper122500%0:00 Randal PlaitisAdrien Flood122500%0:00
4 vs 4 Forward
Line #CenterWingPHYDFOFWanted %Time %Time Play
1Joe SjoblomBogdan Laptev122500%0:00
2Juho-Heikki PitkanenAbel Skipper122500%0:00
4 vs 4 Defense
Line #DefensePHYDFOFWanted %Time %Time Play
1Randal PlaitisWinston Derksen122500%0:00
2Ramazan BuranbayevRene Pietila122500%0:00
Last Minutes Offensive
Left WingCenterRight WingDefenseDefense
Wes PushkaJoe SjoblomEddi SchollerRamazan BuranbayevWinston Derksen
Last Minutes Defensive
Left WingCenterRight WingDefenseDefense
Bogdan LaptevWes PushkaAbel SkipperSergey VoyevodinAdrien Flood
Time
Total ForwardTotal DefenseLast Minutes OffensiveLast Minutes Defensive
60:00 60:00 0:000:00
Extra Forwards
Normal PowerPlayPenalty Kill
Abel Skipper, Eddi Scholler, Bogdan LaptevAbel Skipper, Eddi SchollerAbel Skipper
Extra Defensemen
Normal PowerPlayPenalty Kill
Randal Plaitis, Rene Pietila, Sergey VoyevodinRandal Plaitis, Sergey VoyevodinRene Pietila
Penalty Shots
Leighton Tendler, Thomas Gillman, Eddi Scholler, Wil Garland, Abel Skipper
Goalie
Aldon Bartol, Barron Dowler
Custom OT Lines Forwards
Wes Pushka, Eddi Scholler, Joe Sjoblom, Wil Garland, Abel Skipper, Thomas Gillman, Bogdan Laptev, Marcello Kay, Leighton Tendler, Ignac Tochacek
Custom OT Lines Defensemen
Randal Plaitis, Winston Derksen, Ramazan Buranbayev, Sergey Voyevodin, Rene Pietila
Scratches
None
1st Period

0:01 of 1st period - Joe Sjoblom wins face-off versus John-Michael Mcdonough in neutral zone.
0:04 of 1st period - John-Michael Mcdonough is hit by Randal Plaitis and loses puck.
0:15 of 1st period - Snap shot by Bogdan Laptev.
0:15 of 1st period - Shot Blocked by Curtis Gordic.
0:17 of 1st period - Slapshot by Randal Plaitis.
0:17 of 1st period - Shot Misses the Net.
0:33 of 1st period - Off-side.
0:34 of 1st period - Juho-Heikki Pitkanen wins face-off versus Daniel Weber in neutral zone.
0:57 of 1st period - Snap shot by Stig Lunde.
0:57 of 1st period - Shot Misses the Net.
1:09 of 1st period - Sergey Voyevodin is hit by Stig Lunde and loses puck.
1:36 of 1st period - Wrist shot by Eddi Scholler.
1:36 of 1st period - Shot Misses the Net.
1:38 of 1st period - Snap shot by Eddi Scholler.
1:38 of 1st period - Stopped by Luis Henrich with a rebound.
2:35 of 1st period - Wrist shot by Stig Lunde.
2:35 of 1st period - Stopped by Aldon Bartol without a rebound.
2:36 of 1st period - Joe Sjoblom wins face-off versus Andrei Flatley in Razorbacks zone.
2:51 of 1st period - Wrist shot by Bogdan Laptev.
2:51 of 1st period - Shot Misses the Net.
3:13 of 1st period - Slapshot by Marcello Kay.
3:13 of 1st period - Goal by Marcello Kay - Razorbacks : 1 - Blues : 0.
3:14 of 1st period - Joe Sjoblom wins face-off versus John-Michael Mcdonough in neutral zone.
4:11 of 1st period - Snap shot by Stanislav Budaj.
4:11 of 1st period - Shot Misses the Net.
4:13 of 1st period - Snap shot by Stanislav Budaj.
4:13 of 1st period - Shot Blocked by Yuvenaly Panchishny.
4:38 of 1st period - Icing by Marcello Kay.
4:39 of 1st period - Andrei Flatley wins face-off versus Marcello Kay in Razorbacks zone.
5:10 of 1st period - Snap shot by Marcello Kay.
5:10 of 1st period - Shot Misses the Net.
5:12 of 1st period - Wrist shot by Marcello Kay.
5:12 of 1st period - Stopped by Luis Henrich with a rebound.
5:14 of 1st period - Snap shot by Marcello Kay.
5:14 of 1st period - Goal by Marcello Kay - Razorbacks : 2 - Blues : 0.
5:15 of 1st period - Joe Sjoblom wins face-off versus John-Michael Mcdonough in neutral zone.
5:50 of 1st period - Slapshot by Curtis Gordic.
5:50 of 1st period - Shot Blocked by Randal Plaitis.
5:52 of 1st period - Slapshot by Andre Corrigall.
5:52 of 1st period - Shot Blocked by Marcello Kay.
5:54 of 1st period - Slapshot by Curtis Gordic.
5:54 of 1st period - Shot Hit the Post.
6:06 of 1st period - Wrist shot by Marcello Kay.
6:06 of 1st period - Stopped by Luis Henrich with a rebound.
6:08 of 1st period - Slapshot by Randal Plaitis.
6:08 of 1st period - Stopped by Luis Henrich without a rebound.
6:09 of 1st period - John-Michael Mcdonough wins face-off versus Thomas Gillman in Blues zone.
6:09 of 1st period - John-Michael Mcdonough is hit by Eddi Scholler.
6:35 of 1st period - Stanislav Budaj is hit by Wil Garland and loses puck.
7:17 of 1st period - Snap shot by Halvor Dahl.
7:17 of 1st period - Shot Misses the Net.
8:00 of 1st period - Snap shot by Wil Garland.
8:00 of 1st period - Stopped by Luis Henrich with a rebound.
8:08 of 1st period - Snap shot by Wil Garland.
8:08 of 1st period - Shot Misses the Net.
8:10 of 1st period - Slapshot by Randal Plaitis.
8:10 of 1st period - Stopped by Luis Henrich with a rebound.
8:12 of 1st period - Snap shot by Rene Pietila.
8:12 of 1st period - Shot Misses the Net.
8:50 of 1st period - Wrist shot by Halvor Dahl.
8:50 of 1st period - Shot Blocked by Adrien Flood.
8:52 of 1st period - Snap shot by Layton Neveu.
8:52 of 1st period - Deflect By Vintila Dragan.
8:52 of 1st period - Shot Blocked by Marcello Kay.
8:52 of 1st period - Puck is out of play.
8:53 of 1st period - Wil Garland wins face-off versus John-Michael Mcdonough in Razorbacks zone.
9:20 of 1st period - Tod Benedict is hit by Wes Pushka and loses puck.
10:07 of 1st period - Wrist shot by Duma Dodrescu.
10:07 of 1st period - Shot Blocked by Sergey Voyevodin.
10:09 of 1st period - Slapshot by John-Michael Mcdonough.
10:09 of 1st period - Stopped by Aldon Bartol with a rebound.
10:13 of 1st period - Snap shot by John-Michael Mcdonough.
10:13 of 1st period - Stopped by Aldon Bartol without a rebound.
10:14 of 1st period - Joe Sjoblom wins face-off versus John-Michael Mcdonough in Razorbacks zone.
10:23 of 1st period - Slapshot by Joe Sjoblom.
10:23 of 1st period - Shot Blocked by Jooel Tuomisalo.
10:29 of 1st period - Wrist shot by Duma Dodrescu.
10:29 of 1st period - Stopped by Aldon Bartol with a rebound.
10:31 of 1st period - Wrist shot by John-Michael Mcdonough.
10:31 of 1st period - Shot Misses the Net.
10:33 of 1st period - Wrist shot by Curtis Gordic.
10:33 of 1st period - Stopped by Aldon Bartol with a rebound.
10:35 of 1st period - Slapshot by Duma Dodrescu.
10:35 of 1st period - Shot Misses the Net.
10:54 of 1st period - Jooel Tuomisalo is hit by Randal Plaitis and loses puck.
11:07 of 1st period - Icing by Sergey Voyevodin.
11:08 of 1st period - Joe Sjoblom wins face-off versus Andrei Flatley in Razorbacks zone.
12:09 of 1st period - Snap shot by Stanislav Budaj.
12:09 of 1st period - Shot Misses the Net.
12:21 of 1st period - Daniel Weber is hit by Yuvenaly Panchishny and loses puck.
12:48 of 1st period - Dominic Burry is hit by Randal Plaitis.
13:07 of 1st period - Slapshot by Halvor Dahl.
13:07 of 1st period - Stopped by Aldon Bartol without a rebound.
13:08 of 1st period - Andrei Flatley wins face-off versus Juho-Heikki Pitkanen in Razorbacks zone.
13:08 of 1st period - Andrei Flatley is hit by Juho-Heikki Pitkanen.
13:38 of 1st period - Snap shot by Jooel Tuomisalo.
13:38 of 1st period - Shot Blocked by Wes Pushka.
13:40 of 1st period - Snap shot by Duma Dodrescu.
13:40 of 1st period - Stopped by Aldon Bartol with a rebound.
13:42 of 1st period - Wrist shot by Duma Dodrescu.
13:42 of 1st period - Shot Misses the Net.
13:44 of 1st period - Wrist shot by Duma Dodrescu.
13:44 of 1st period - Goal by Duma Dodrescu - Razorbacks : 2 - Blues : 1.
13:45 of 1st period - Joe Sjoblom wins face-off versus John-Michael Mcdonough in neutral zone.
13:48 of 1st period - Snap shot by Bogdan Laptev.
13:48 of 1st period - Goal by Bogdan Laptev - Razorbacks : 3 - Blues : 1.
13:49 of 1st period - John-Michael Mcdonough wins face-off versus Joe Sjoblom in neutral zone.
13:52 of 1st period - Snap shot by Duma Dodrescu.
13:52 of 1st period - Shot Blocked by Winston Derksen.
14:00 of 1st period - Wrist shot by Joe Sjoblom.
14:00 of 1st period - Stopped by Luis Henrich with a rebound.
14:02 of 1st period - Backhand shot by Winston Derksen.
14:02 of 1st period - Stopped by Luis Henrich with a rebound.
14:04 of 1st period - Snap shot by Bogdan Laptev.
14:04 of 1st period - Stopped by Luis Henrich without a rebound.
14:05 of 1st period - Daniel Weber wins face-off versus Thomas Gillman in Blues zone.
14:07 of 1st period - Minor Penalty to Stig Lunde for High sticking.
14:08 of 1st period - John-Michael Mcdonough wins face-off versus Joe Sjoblom in Blues zone.
14:49 of 1st period - Bogdan Laptev is hit by Layton Neveu.
14:59 of 1st period - Slapshot by Curtis Gordic.
14:59 of 1st period - Stopped by Aldon Bartol without a rebound.
15:00 of 1st period - Joe Sjoblom wins face-off versus John-Michael Mcdonough in Razorbacks zone.
15:21 of 1st period - John-Michael Mcdonough is hit by Randal Plaitis.
15:25 of 1st period - Snap shot by Wil Garland.
15:25 of 1st period - Shot Misses the Net.
15:27 of 1st period - Snap shot by Bogdan Laptev.
15:27 of 1st period - Shot Misses the Net.
15:29 of 1st period - Slapshot by Winston Derksen.
15:29 of 1st period - Stopped by Luis Henrich with a rebound.
15:31 of 1st period - Snap shot by Bogdan Laptev.
15:31 of 1st period - Shot Blocked by John-Michael Mcdonough.
16:07 of 1st period - Penalty to Stig Lunde is over, Stig Lunde is back on ice.
16:33 of 1st period - Slapshot by Abel Skipper.
16:33 of 1st period - Shot Blocked by Daniel Weber.
16:35 of 1st period - Snap shot by Abel Skipper.
16:35 of 1st period - Shot Misses the Net.
16:37 of 1st period - Snap shot by Sergey Voyevodin.
16:37 of 1st period - Shot Misses the Net.
16:39 of 1st period - Wrist shot by Marcello Kay.
16:39 of 1st period - Shot Misses the Net.
16:51 of 1st period - Slapshot by Wil Garland.
16:51 of 1st period - Shot Misses the Net.
17:58 of 1st period - Wrist shot by Maddison Bilcke.
17:58 of 1st period - Shot Misses the Net.
18:32 of 1st period - Snap shot by John-Michael Mcdonough.
18:32 of 1st period - Goal by John-Michael Mcdonough - Razorbacks : 3 - Blues : 2.
18:33 of 1st period - Thomas Gillman wins face-off versus John-Michael Mcdonough in neutral zone.
18:38 of 1st period - Snap shot by Wes Pushka.
18:38 of 1st period - Stopped by Luis Henrich with a rebound.
18:48 of 1st period - Curtis Gordic is hit by Eddi Scholler and loses puck.
19:22 of 1st period - Snap shot by Abel Skipper.
19:22 of 1st period - Stopped by Luis Henrich with a rebound.
19:46 of 1st period - Andre Corrigall is hit by Randal Plaitis and loses puck.
Goals for this period are 3 for Razorbacks vs 2 for Blues.
Shots for this period are 15 for Razorbacks vs 10 for Blues.
2nd Period

0:01 of 2nd period - Thomas Gillman wins face-off versus John-Michael Mcdonough in neutral zone.
0:23 of 2nd period - Icing by Curtis Gordic.
0:24 of 2nd period - Joe Sjoblom wins face-off versus Daniel Weber in Blues zone.
1:35 of 2nd period - Icing by Maddison Bilcke.
1:36 of 2nd period - Daniel Weber wins face-off versus Leighton Tendler in Blues zone.
1:36 of 2nd period - Daniel Weber is hit by Rene Pietila.
2:06 of 2nd period - John-Michael Mcdonough is hit by Rene Pietila and loses puck.
2:11 of 2nd period - Snap shot by Rene Pietila.
2:11 of 2nd period - Deflect By Yuvenaly Panchishny.
2:11 of 2nd period - Shot Misses the Net.
2:11 of 2nd period - Puck is out of play.
2:12 of 2nd period - Andrei Flatley wins face-off versus Joe Sjoblom in Blues zone.
2:17 of 2nd period - Snap shot by Andrei Flatley.
2:17 of 2nd period - Shot Misses the Net.
2:23 of 2nd period - Wrist shot by Andrei Flatley.
2:23 of 2nd period - Stopped by Aldon Bartol with a rebound.
2:25 of 2nd period - Snap shot by Halvor Dahl.
2:25 of 2nd period - Shot Misses the Net.
3:22 of 2nd period - Kory Nestor is hit by Yuvenaly Panchishny and loses puck.
4:03 of 2nd period - Wil Garland is hit by Jooel Tuomisalo and loses puck.
4:48 of 2nd period - Slapshot by Abel Skipper.
4:48 of 2nd period - Stopped by Luis Henrich with a rebound.
5:12 of 2nd period - Leighton Tendler is hit by John-Michael Mcdonough.
6:00 of 2nd period - Slapshot by Andre Corrigall.
6:00 of 2nd period - Stopped by Aldon Bartol with a rebound.
6:15 of 2nd period - John-Michael Mcdonough is hit by Adrien Flood and loses puck.
6:35 of 2nd period - Wrist shot by Vintila Dragan.
6:35 of 2nd period - Stopped by Aldon Bartol with a rebound.
7:04 of 2nd period - Layton Neveu is hit by Eddi Scholler and loses puck.
7:51 of 2nd period - Snap shot by Duma Dodrescu.
7:51 of 2nd period - Shot Misses the Net.
8:03 of 2nd period - Wes Pushka is hit by Andre Corrigall and loses puck.
8:48 of 2nd period - Stig Lunde is hit by Leighton Tendler and loses puck.
8:55 of 2nd period - Slapshot by Yuvenaly Panchishny.
8:55 of 2nd period - Stopped by Luis Henrich without a rebound.
8:56 of 2nd period - Thomas Gillman wins face-off versus John-Michael Mcdonough in Blues zone.
9:05 of 2nd period - Snap shot by Wes Pushka.
9:05 of 2nd period - Stopped by Luis Henrich with a rebound.
9:25 of 2nd period - Stig Lunde is hit by Rene Pietila and loses puck.
9:53 of 2nd period - Andrei Flatley is hit by Sergey Voyevodin and loses puck.
10:49 of 2nd period - Minor Penalty to Stig Lunde for Tripping.
10:50 of 2nd period - Wes Pushka wins face-off versus John-Michael Mcdonough in Blues zone.
11:00 of 2nd period - Snap shot by Joe Sjoblom.
11:00 of 2nd period - Deflect By Wes Pushka.
11:00 of 2nd period - Shot Misses the Net.
11:00 of 2nd period - Puck is out of play.
11:01 of 2nd period - John-Michael Mcdonough wins face-off versus Juho-Heikki Pitkanen in Blues zone.
11:10 of 2nd period - Snap shot by Bogdan Laptev.
11:10 of 2nd period - Shot Misses the Net.
11:12 of 2nd period - Snap shot by Bogdan Laptev.
11:12 of 2nd period - Shot Misses the Net.
11:14 of 2nd period - Slapshot by Randal Plaitis.
11:14 of 2nd period - Shot Blocked by Kory Nestor.
11:16 of 2nd period - Snap shot by Ignac Tochacek.
11:16 of 2nd period - Stopped by Luis Henrich with a rebound.
11:18 of 2nd period - Slapshot by Randal Plaitis.
11:18 of 2nd period - Stopped by Luis Henrich with a rebound.
11:28 of 2nd period - Slapshot by Winston Derksen.
11:28 of 2nd period - Stopped by Luis Henrich without a rebound.
11:29 of 2nd period - Joe Sjoblom wins face-off versus John-Michael Mcdonough in Blues zone.
12:02 of 2nd period - Slapshot by Ramazan Buranbayev.
12:02 of 2nd period - Shot Blocked by Duma Dodrescu.
12:49 of 2nd period - Penalty to Stig Lunde is over, Stig Lunde is back on ice.
12:56 of 2nd period - Snap shot by Abel Skipper.
12:56 of 2nd period - Stopped by Luis Henrich with a rebound.
13:02 of 2nd period - Slapshot by Winston Derksen.
13:02 of 2nd period - Shot Blocked by Arvi-Antti Ahokari.
13:29 of 2nd period - Winston Derksen is hit by Stanislav Budaj and loses puck.
13:44 of 2nd period - Winston Derksen is hit by Halvor Dahl and loses puck.
13:59 of 2nd period - Kory Nestor is hit by Sergey Voyevodin and loses puck.
14:31 of 2nd period - Snap shot by Abel Skipper.
14:31 of 2nd period - Shot Blocked by Arvi-Antti Ahokari.
14:33 of 2nd period - Slapshot by Adrien Flood.
14:33 of 2nd period - Stopped by Luis Henrich without a rebound.
14:34 of 2nd period - Juho-Heikki Pitkanen wins face-off versus Daniel Weber in Blues zone.
14:37 of 2nd period - Slapshot by Rene Pietila.
14:37 of 2nd period - Shot Misses the Net.
15:20 of 2nd period - Snap shot by Maddison Bilcke.
15:20 of 2nd period - Shot Misses the Net.
15:52 of 2nd period - Slapshot by Ignac Tochacek.
15:52 of 2nd period - Shot Blocked by Daniel Weber.
15:54 of 2nd period - Snap shot by Leighton Tendler.
15:54 of 2nd period - Shot Misses the Net.
16:25 of 2nd period - Duma Dodrescu is hit by Randal Plaitis and loses puck.
16:42 of 2nd period - Thomas Gillman is hit by John-Michael Mcdonough and loses puck.
16:46 of 2nd period - Icing by Sergey Voyevodin.
16:47 of 2nd period - Daniel Weber wins face-off versus Thomas Gillman in Razorbacks zone.
16:52 of 2nd period - Wrist shot by Tod Benedict.
16:52 of 2nd period - Shot Misses the Net.
16:58 of 2nd period - Layton Neveu is hit by Eddi Scholler and loses puck.
17:09 of 2nd period - Wrist shot by Wes Pushka.
17:09 of 2nd period - Stopped by Luis Henrich with a rebound.
17:11 of 2nd period - Snap shot by Eddi Scholler.
17:11 of 2nd period - Stopped by Luis Henrich with a rebound.
17:23 of 2nd period - Snap shot by Eddi Scholler.
17:23 of 2nd period - Stopped by Luis Henrich without a rebound.
17:24 of 2nd period - John-Michael Mcdonough wins face-off versus Wil Garland in Blues zone.
17:29 of 2nd period - Joe Sjoblom is hit by John-Michael Mcdonough.
17:34 of 2nd period - Snap shot by Wil Garland.
17:34 of 2nd period - Stopped by Luis Henrich with a rebound.
17:36 of 2nd period - Slapshot by Wil Garland.
17:36 of 2nd period - Stopped by Luis Henrich with a rebound.
17:38 of 2nd period - Snap shot by Rene Pietila.
17:38 of 2nd period - Stopped by Luis Henrich with a rebound.
17:40 of 2nd period - Slapshot by Bogdan Laptev.
17:40 of 2nd period - Stopped by Luis Henrich with a rebound.
17:50 of 2nd period - Juho-Heikki Pitkanen is hit by Halvor Dahl and loses puck.
18:11 of 2nd period - Adrien Flood is hit by Stanislav Budaj and loses puck.
18:26 of 2nd period - Adrien Flood is hit by Maddison Bilcke and loses puck.
19:05 of 2nd period - Wrist shot by Abel Skipper.
19:05 of 2nd period - Goal by Abel Skipper - Razorbacks : 4 - Blues : 2.
19:06 of 2nd period - John-Michael Mcdonough wins face-off versus Joe Sjoblom in neutral zone.
19:11 of 2nd period - Bogdan Laptev is hit by John-Michael Mcdonough and loses puck.
19:34 of 2nd period - Wrist shot by Andrei Flatley.
19:34 of 2nd period - Stopped by Aldon Bartol with a rebound.
19:36 of 2nd period - Slapshot by Vintila Dragan.
19:36 of 2nd period - Stopped by Aldon Bartol with a rebound.
19:38 of 2nd period - Slapshot by Arvi-Antti Ahokari.
19:38 of 2nd period - Stopped by Aldon Bartol with a rebound.
19:42 of 2nd period - Wrist shot by Vintila Dragan.
19:42 of 2nd period - Deflect By Andrei Flatley.
19:42 of 2nd period - Stopped by Aldon Bartol without a rebound.
19:43 of 2nd period - Daniel Weber wins face-off versus Thomas Gillman in Razorbacks zone.
19:50 of 2nd period - Slapshot by Dominic Burry.
19:50 of 2nd period - Stopped by Aldon Bartol with a rebound.
19:52 of 2nd period - Wrist shot by Tod Benedict.
19:52 of 2nd period - Stopped by Aldon Bartol with a rebound.
19:54 of 2nd period - Snap shot by Stig Lunde.
19:54 of 2nd period - Stopped by Aldon Bartol with a rebound.
19:56 of 2nd period - Wrist shot by Tod Benedict.
19:56 of 2nd period - Shot Misses the Net.
19:58 of 2nd period - Slapshot by Dominic Burry.
19:58 of 2nd period - Stopped by Aldon Bartol with a rebound.
Goals for this period are 1 for Razorbacks vs 0 for Blues.
Shots for this period are 16 for Razorbacks vs 11 for Blues.
3rd Period

0:01 of 3rd period - John-Michael Mcdonough wins face-off versus Joe Sjoblom in neutral zone.
0:07 of 3rd period - Curtis Gordic is hit by Randal Plaitis and loses puck.
1:00 of 3rd period - Slapshot by Randal Plaitis.
1:00 of 3rd period - Shot Misses the Net.
1:18 of 3rd period - Snap shot by Maddison Bilcke.
1:18 of 3rd period - Shot Blocked by Abel Skipper.
1:20 of 3rd period - Snap shot by Andre Corrigall.
1:20 of 3rd period - Stopped by Aldon Bartol with a rebound.
1:22 of 3rd period - Backhand shot by Stanislav Budaj.
1:22 of 3rd period - Shot Misses the Net.
1:24 of 3rd period - Slapshot by Kory Nestor.
1:24 of 3rd period - Stopped by Aldon Bartol with a rebound.
1:26 of 3rd period - Backhand shot by Kory Nestor.
1:26 of 3rd period - Deflect By Andre Corrigall.
1:26 of 3rd period - Shot Misses the Net.
1:26 of 3rd period - Puck is out of play.
1:27 of 3rd period - John-Michael Mcdonough wins face-off versus Joe Sjoblom in Razorbacks zone.
1:54 of 3rd period - Tod Benedict is hit by Winston Derksen and loses puck.
2:05 of 3rd period - Slapshot by Stig Lunde.
2:05 of 3rd period - Goal by Stig Lunde - Razorbacks : 4 - Blues : 3.
2:06 of 3rd period - John-Michael Mcdonough wins face-off versus Joe Sjoblom in neutral zone.
2:17 of 3rd period - Snap shot by Jooel Tuomisalo.
2:17 of 3rd period - Shot Misses the Net.
2:45 of 3rd period - Wrist shot by Daniel Weber.
2:45 of 3rd period - Shot Blocked by Eddi Scholler.
3:25 of 3rd period - Slapshot by Rene Pietila.
3:25 of 3rd period - Shot Blocked by Vintila Dragan.
3:27 of 3rd period - Snap shot by Leighton Tendler.
3:27 of 3rd period - Goal by Leighton Tendler - Razorbacks : 5 - Blues : 3.
3:28 of 3rd period - Joe Sjoblom wins face-off versus John-Michael Mcdonough in neutral zone.
3:28 of 3rd period - Randal Plaitis is hit by Jooel Tuomisalo and loses puck.
3:36 of 3rd period - Rene Pietila is hit by Curtis Gordic and loses puck.
4:25 of 3rd period - Off-side.
4:26 of 3rd period - Joe Sjoblom wins face-off versus John-Michael Mcdonough in neutral zone.
5:47 of 3rd period - Snap shot by Winston Derksen.
5:47 of 3rd period - Stopped by Luis Henrich without a rebound.
5:48 of 3rd period - Thomas Gillman wins face-off versus John-Michael Mcdonough in Blues zone.
5:55 of 3rd period - Wrist shot by Eddi Scholler.
5:55 of 3rd period - Stopped by Luis Henrich without a rebound.
5:56 of 3rd period - Thomas Gillman wins face-off versus John-Michael Mcdonough in Blues zone.
6:19 of 3rd period - Snap shot by Wes Pushka.
6:19 of 3rd period - Deflect By Thomas Gillman.
6:19 of 3rd period - Shot Misses the Net.
6:19 of 3rd period - Puck is out of play.
6:20 of 3rd period - Daniel Weber wins face-off versus Joe Sjoblom in Blues zone.
6:53 of 3rd period - Slapshot by Wil Garland.
6:53 of 3rd period - Shot Misses the Net.
7:15 of 3rd period - Snap shot by Eddi Scholler.
7:15 of 3rd period - Stopped by Luis Henrich with a rebound.
7:35 of 3rd period - Stig Lunde is hit by Leighton Tendler and loses puck.
8:18 of 3rd period - Snap shot by Abel Skipper.
8:18 of 3rd period - Shot Blocked by Duma Dodrescu.
8:38 of 3rd period - Wrist shot by Andre Corrigall.
8:38 of 3rd period - Stopped by Aldon Bartol with a rebound.
8:40 of 3rd period - Slapshot by Stanislav Budaj.
8:40 of 3rd period - Shot Misses the Net.
8:42 of 3rd period - Slapshot by Stanislav Budaj.
8:42 of 3rd period - Shot Misses the Net.
9:04 of 3rd period - Slapshot by Rene Pietila.
9:04 of 3rd period - Stopped by Luis Henrich without a rebound.
9:05 of 3rd period - Joe Sjoblom wins face-off versus John-Michael Mcdonough in Blues zone.
9:06 of 3rd period - Slapshot by Bogdan Laptev.
9:06 of 3rd period - Deflect By Wil Garland.
9:06 of 3rd period - Stopped by Luis Henrich with a rebound.
9:54 of 3rd period - Snap shot by Maddison Bilcke.
9:54 of 3rd period - Stopped by Aldon Bartol without a rebound.
9:55 of 3rd period - Joe Sjoblom wins face-off versus Maddison Bilcke in Razorbacks zone.
10:20 of 3rd period - Layton Neveu is hit by Winston Derksen and loses puck.
11:37 of 3rd period - Snap shot by Wil Garland.
11:37 of 3rd period - Stopped by Luis Henrich without a rebound.
11:38 of 3rd period - John-Michael Mcdonough wins face-off versus Juho-Heikki Pitkanen in Blues zone.
11:49 of 3rd period - Snap shot by Duma Dodrescu.
11:49 of 3rd period - Shot Misses the Net.
11:51 of 3rd period - Wrist shot by Jooel Tuomisalo.
11:51 of 3rd period - Stopped by Aldon Bartol without a rebound.
11:52 of 3rd period - John-Michael Mcdonough wins face-off versus Joe Sjoblom in Razorbacks zone.
12:09 of 3rd period - Slapshot by Jooel Tuomisalo.
12:09 of 3rd period - Shot Misses the Net.
13:31 of 3rd period - Slapshot by Maddison Bilcke.
13:31 of 3rd period - Stopped by Aldon Bartol with a rebound.
13:57 of 3rd period - Slapshot by Rene Pietila.
13:57 of 3rd period - Shot Blocked by Tod Benedict.
13:59 of 3rd period - Wrist shot by Rene Pietila.
13:59 of 3rd period - Shot Misses the Net.
15:03 of 3rd period - Wrist shot by Abel Skipper.
15:03 of 3rd period - Shot Misses the Net.
15:05 of 3rd period - Slapshot by Adrien Flood.
15:05 of 3rd period - Deflect By Marcello Kay.
15:05 of 3rd period - Goal by Marcello Kay - Razorbacks : 6 - Blues : 3.
15:06 of 3rd period - John-Michael Mcdonough wins face-off versus Joe Sjoblom in neutral zone.
15:15 of 3rd period - Slapshot by Randal Plaitis.
15:15 of 3rd period - Shot Blocked by Arvi-Antti Ahokari.
15:33 of 3rd period - Thomas Gillman is hit by Stig Lunde and loses puck.
15:54 of 3rd period - Slapshot by Kory Nestor.
15:54 of 3rd period - Stopped by Aldon Bartol with a rebound.
16:03 of 3rd period - Off-side.
16:04 of 3rd period - Joe Sjoblom wins face-off versus John-Michael Mcdonough in neutral zone.
16:21 of 3rd period - Snap shot by Duma Dodrescu.
16:21 of 3rd period - Deflect By Jooel Tuomisalo.
16:21 of 3rd period - Shot Blocked by Ramazan Buranbayev.
16:21 of 3rd period - Puck is out of play.
16:22 of 3rd period - Daniel Weber wins face-off versus Thomas Gillman in Razorbacks zone.
16:25 of 3rd period - Slapshot by Dominic Burry.
16:25 of 3rd period - Stopped by Aldon Bartol with a rebound.
16:27 of 3rd period - Wrist shot by Tod Benedict.
16:27 of 3rd period - Deflect By Stig Lunde.
16:27 of 3rd period - Stopped by Aldon Bartol without a rebound.
16:28 of 3rd period - Daniel Weber wins face-off versus Thomas Gillman in Razorbacks zone.
16:45 of 3rd period - Snap shot by Dominic Burry.
16:45 of 3rd period - Stopped by Aldon Bartol with a rebound.
17:21 of 3rd period - Slapshot by Andre Corrigall.
17:21 of 3rd period - Shot Blocked by Rene Pietila.
17:23 of 3rd period - Slapshot by Curtis Gordic.
17:23 of 3rd period - Stopped by Aldon Bartol with a rebound.
17:25 of 3rd period - Wrist shot by Andre Corrigall.
17:25 of 3rd period - Stopped by Aldon Bartol without a rebound.
17:26 of 3rd period - Maddison Bilcke wins face-off versus Joe Sjoblom in Razorbacks zone.
17:31 of 3rd period - Slapshot by Stanislav Budaj.
17:31 of 3rd period - Shot Misses the Net.
17:39 of 3rd period - Wrist shot by Andre Corrigall.
17:39 of 3rd period - Stopped by Aldon Bartol with a rebound.
17:51 of 3rd period - John-Michael Mcdonough is hit by Juho-Heikki Pitkanen and loses puck.
17:59 of 3rd period - Off-side.
18:00 of 3rd period - Daniel Weber wins face-off versus Joe Sjoblom in neutral zone.
18:35 of 3rd period - Snap shot by Jooel Tuomisalo.
18:35 of 3rd period - Goal by Jooel Tuomisalo - Razorbacks : 6 - Blues : 4.
18:36 of 3rd period - Juho-Heikki Pitkanen wins face-off versus Andrei Flatley in neutral zone.
18:38 of 3rd period - Off-side.
18:39 of 3rd period - Andrei Flatley wins face-off versus Juho-Heikki Pitkanen in neutral zone.
19:33 of 3rd period - Icing by Wil Garland.
19:34 of 3rd period - Joe Sjoblom wins face-off versus John-Michael Mcdonough in Razorbacks zone.
Goals for this period are 2 for Razorbacks vs 2 for Blues.
Shots for this period are 8 for Razorbacks vs 15 for Blues.

3 STARS

1st Star
LW
89
G 3
A 0
+/- 3
TOI 14:20
2nd Star
RW
22
G 1
A 3
+/- 3
TOI 14:20
3rd Star
D
0
G 0
A 2
+/- 1
TOI 19:23

Game Stats

RAZ
VS
BLU
6 Goals 4
39 Shots 36
12 Blocked Shots 13
23 Missed Shots 23
51 Faceoff % 49
2 Power Plays 0
0 Power Play Goals 0
0 Power Play % 0

GAME DETAILS

VENUE
Unknown
CITY
Unknown
REFEREES
Rob Martell, Eric Michaels
LINESMEN
Alec Larson, Mitchell Hunt
ATTENDANCE
16,881